 Dungeon Crawl Stone Soup version 0.28.0-53-g5a82cb258f (webtiles) character file.

Game seed: 738975070627053103

1 Feribo the Sneak (level 1, -1/9 HPs)
             Began as a Spriggan Enchanter on July 28, 2022.
             Killed from afar by a dart slug (4 damage)
             ... with a slug dart
             ... on level 1 of the Dungeon.
             The game lasted 00:12:12 (201 turns).

Feribo the Sneak (Spriggan Enchanter)                Turns: 201, Time: 00:12:13

Health: -1/9       AC:  2    Str:  4    XL:     1   Next: 16%
Magic:  5/5        EV: 17    Int: 16    God:
Gold:   25         SH:  0    Dex: 15    Spells: 5/5 levels left

rFire   . . .      SeeInvis +   a - +1 dagger
rCold   . . .      Faith    .   (no shield)
rNeg    . . .      Spirit   .   b - +0 robe
rPois   .          Reflect  .   (helmet restricted)
rElec   .          Harm     .   (no cloak)
rCorr   .          Rampage  .   (gloves unavailable)
Will    .....                   (boots unavailable)
Stlth   +++.......              (no amulet)
HPRegen 0.03/turn               (no ring)
MPRegen 0.09/turn               (no ring)

@: very quick
A: very small, no large weapons, unfitting armour, see invisible, speed 3
a: no special abilities


You were on level 1 of the Dungeon.
You visited 1 branch of the dungeon, and saw 1 of its levels.

You collected 25 gold pieces.

Inventory:

Hand Weapons
 a - a +1 dagger (weapon)
Missiles
 d - 14 stones (quivered)
Armour
 b - a +0 robe (worn)
Potions
 c - a potion of invisibility


   Skills:
 + Level 1.1 Short Blades
 + Level 2.7 Dodging
 + Level 4.4 Stealth
 + Level 2.7 Spellcasting
 + Level 3.6 Hexes


You had 5 spell levels left.
You didn't know any spells.
Your spell library contained the following spells:

 Spells                   Type           Power      Damage    Failure   Level
 Confusing Touch          Hex            13%        N/A       13%         3
 Tukima's Dance           Hex            13%        N/A       13%         3
 Ensorcelled Hibernation  Hex/Ice        16%        N/A       14%         2
 Dazzling Flash           Conj/Hex       16%        N/A       26%         3


Dungeon Overview and Level Annotations

Branches:
Dungeon (1/15)

Altars:


Innate Abilities, Weirdness & Mutations

You are very small and have problems with some larger weapons.
You are too small for most types of armour.
You have supernaturally acute eyesight. (SInv)
You cover ground extremely quickly. (Speed+++)


Message History

d - 9 stones (gained 1)
You see here a scroll labelled COISOORYNT.
You see here a stone.
d - 10 stones (gained 1) Throw: 10 stones
Press: ? - help, Q - select action Shift-Dir - straight line, f/p - hobgoblin
Aim: a hobgoblin (57% to hit)
You throw a stone. The stone hits the hobgoblin.
The hobgoblin is lightly wounded.
Throw: 9 stones
Press: ? - help, Q - select action Shift-Dir - straight line, f/p - hobgoblin
Aim: a hobgoblin (lightly wounded, 57% to hit)
You throw a stone. The stone closely misses the hobgoblin.
The stone hits the endoplasm but does no damage.
You see here 2 stones.
d - 10 stones (gained 2)
The hobgoblin hits you.
* * * LOW HITPOINT WARNING * * *
You see here a stone.
d - 11 stones (gained 1)
A ball python comes into view.
A frilled lizard comes into view.
The endoplasm misses you.
You see here a stone.
d - 12 stones (gained 1)
You see here a stone.
d - 13 stones (gained 1)
You see here a stone.
d - 14 stones (gained 1)
Okay, then.
A dart slug comes into view.
You hit the endoplasm. You punch the endoplasm.
The endoplasm is almost dead.
The dart slug launches a dart at you. The slug dart misses you.
You hit the endoplasm.
You kill the endoplasm!
The dart slug launches a dart at you. The slug dart hits you.
You die...

#...........#
#.###.......####
..........g.#
######......# ##
#..J#..# #.
#..##..# #.
#..##..#
#.######g.....#
#.....@g..##.##
#w#######.# # #.
#.# .. ..# .#.
... ###. ## #.
#.


You could see a dart slug, a hobgoblin and a goblin.

Vanquished Creatures
  An endoplasm (D:1)
1 creature vanquished.

Notes
Turn   | Place    | Note
-------+----------+-------------------------------------------
     0 | D:1      | Feribo the Spriggan Enchanter began the quest for the Orb.
     0 | D:1      | Reached XP level 1. HP: 9/9 MP: 5/5
   201 | D:1      | Killed from afar by a dart slug

Illustrated notes

Levels and vault maps discovered:
D:1:      lightli_arrival_noodles, layout_loops_ring,
          shapermc_ecumenical_altar_mp_vishouse, dk_noncrumbling_3,
          minmay_tall_x

Action                   || total
-------------------------++-------
Melee: Dagger            ||     5
       Punch             ||     1
Throw: Stone             ||    17
Armor: Robe              ||     2
Dodge: Dodged            ||     3
